 Dungeon Crawl Stone Soup version 0.27-a0-394-g49c82dfaf2 (webtiles) character file.

Game seed: 7516295742849116154

7582 tilp the Martial Artist (level 11, 0/72 HPs)
             Began as an Octopode Transmuter on Feb 20, 2021.
             Was a Priest of Ru.
             Slain by a troll (12 damage)
             ... on level 9 of the Dungeon.
             The game lasted 00:26:31 (9316 turns).

tilp the Martial Artist (Octopode Transmuter)       Turns: 9316, Time: 00:26:33

Health: 0/72       AC:  2    Str:  9    XL:     11   Next: 17%
Magic:  15/17      EV: 28    Int: 19    God:    Ru [***...]
Gold:   309        SH:  0    Dex: 16    Spells: 3/18 levels left

rFire    . . .     SeeInvis .     - Unarmed
rCold    . . .     Faith    .   (shield currently unavailable)
rNeg     . . .     Spirit   .   (helmet currently unavailable)
rPois    x         Reflect  .   h - amulet of regeneration
rElec    .         Harm     .   f - +4 ring of evasion
rCorr    .         Rampage  .   (no ring)
Will     .....                  (no ring)
Stlth    +++.......             (no ring)
HPRegen  1.22/turn              (no ring)
MPRegen  0.15/turn              (no ring)
                                (no ring)
                                (no ring)

@: spider-form (expiring)
A: tiny, almost no armour, stealthy swim, (amphibious), 8 rings, (constrict 8),
clumsy 1, hated by all, unskilled 1
a: End Transformation, Renounce Religion, Draw Out Power


You were on level 9 of the Dungeon.
You worshipped Ru.
Ru was most pleased with you.
You were a venomous arachnid creature.
You visited 1 branch of the dungeon, and saw 9 of its levels.
You also visited: Ossuary.

You collected 432 gold pieces.
You spent 123 gold pieces at shops.

Inventory:

Missiles
 o - 5 boomerangs
 x - 58 poisoned darts (quivered)
Armour
 l - a +0 buckler (melded)
Magical Staves
 g - a staff of conjuration
 z - a staff of death
Jewellery
 f - a +4 ring of evasion (left front leg)
 h - an amulet of regeneration (around neck)
 w - an amulet of the acrobat
 D - a ring of poison resistance {unknown}
Wands
 n - a wand of digging (4)
 q - a wand of polymorph (4)
 u - a wand of mindburst (10)
 v - a wand of flame (5)
 E - a wand of acid (6)
 F - a wand of iceblast (5)
Scrolls
 a - a scroll of identify
 b - 3 scrolls of fog
 c - 2 scrolls of teleportation
 i - a scroll of magic mapping
 r - a scroll of fear {unknown}
 y - a scroll of enchant weapon {unknown}
 B - a scroll of amnesia
 C - a scroll of immolation {unknown}
Potions
 d - 8 potions of curing
 e - 5 potions of flight
 j - 2 potions of cancellation
 k - 4 potions of attraction
 m - 4 potions of magic
 p - a potion of berserk rage
 s - 3 potions of might
 t - 3 potions of degeneration {unknown}
 A - 2 potions of heal wounds
 G - a potion of lignification {unknown}


   Skills:
 - Level 6.0 Fighting
 - Level 6.0 Dodging
 - Level 4.0 Stealth
 - Level 4.0 Shields
 - Level 8.0 Unarmed Combat
 - Level 4.0 Spellcasting
 + Level 7.3 Transmutations
 - Level 2.0 Ice Magic
 - Level 2.0 Poison Magic
 - Level 4.0 Evocations


You had 3 spell levels left.
You knew the following spells:

 Your Spells              Type           Power        Failure   Level
a - Beastly Appendage     Tmut           62%          4%          1
b - Wereblood             Tmut           31%          5%          2
c - Spider Form           Tmut/Pois      10%          17%         3
d - Ice Form              Ice/Tmut       21%          41%         4
e - Blade Hands           Tmut           15%          38%         5

Your spell library contained the following spells:

 Spells                   Type           Power        Failure   Level
 Summon Small Mammal      Summ           Unusable     N/A         1

Dungeon Overview and Level Annotations

Branches:
Dungeon (9/15)             Temple (0/1) D:4             Orc (0/2) D:9
Ossuary (visited)
   Lair: D:8-11

Altars:
Ashenzari
Dithmenos
Elyvilon
Gozag
Hepliaklqana
Nemelex Xobeh
Ru
Sif Muna
Trog
Vehumet
Xom
Zin
The Shining One

Shops:
D:5 *

Annotations:
D:3 2 transporters, Starless's ghost, amateur SpEn
D:4 1 runed translucent door, Crazy Yiuf
D:6 Prince Ribbit
D:7 exclusions: hornet, 2 killer bees, orc, orc warrior and two-headed ogre
D:8 Gastronok
D:9 exclusions: deep elf pyromancer and 2 killer bees


Innate Abilities, Weirdness & Mutations

You cannot wear most types of armour.
You are very stealthy in the water. (Stealth+)
((You are amphibious.))
You can wear up to eight rings at the same time.
((You can use your tentacles to constrict eight enemies at once.))
((Your skin changes colour to match your surroundings (Stealth+).))
You are clumsy. (Dex -2)
((Your rubbery body absorbs attacks. (AC +1, EV +1)))
You are hated by all.
You are somewhat unskilled. (-1 Apt)


Message History

Where to? (Enter - D:8 @ (x,y), ? - help)
There is a stone staircase leading down here.
You climb downwards.
Level annotation: exclusions: deep elf pyromancer and 2 killer bees
There is a stone staircase leading up here.
There is an open door here.
There is an open door here.
A troll comes into view.
The troll moves out of view.
There is an open door here.
A troll is nearby!
Unknown command.
Casting: Spider Form (dangerous; 6% risk of failure)
Confirm with . or Enter, or press ? or * to list all spells.
You turn into a venomous arachnid creature.
Your +0 buckler melds into your body.
The troll shouts!
You can't do that in your present form.
The troll misses you. The troll claws you! The troll completely misses you.
You bite the troll!
The troll is moderately wounded.
The troll completely misses you. The troll closely misses you.
The troll misses you.
You hit the troll but do no damage.
The troll is moderately wounded.
Your transformation is almost over.
The troll bites you! The troll claws you! The troll closely misses you.
You bite the troll!
The troll is heavily wounded.
The troll misses you. The troll claws you! The troll misses you.
You are too injured to fight recklessly!
You are too injured to fight recklessly!
You bite the troll!
The troll is poisoned.
The troll is severely wounded.
The troll bites you!
* * * LOW HITPOINT WARNING * * *
The troll claws you!
* * * LOW HITPOINT WARNING * * *
The troll claws you!
You die...

###### .....# ####### .....#
########### #.....# .....#
#...>.....######.....#####
.....###.........'...............
.....#.'.........######.....#####
..)..'.#........s# #.....# #
.....###.......T.# ##.#### .....#
#........[# #.# .....#
#.........# #.# ###'##
##.######## #.## ....# #...#####
#>.# '#### ##^.....### #..#
....######........# ##.#####
....##..........#... .......##


You could see a troll (very poisoned).

Vanquished Creatures
  2 two-headed ogres
  Pikel (D:4)
  Joseph (D:9)
  Maurice (D:9)
  Grinder (D:6)
  Sigmund (D:5)
  3 yaks (D:9)
  Eustachio (D:4)
  Edmund (D:6)
  3 sky beasts
  3 orc warriors
  4 ice beasts
  A black bear (D:5)
  A necrophage (D:9)
  10 ogres
  3 phantoms
  2 bullfrogs
  A water moccasin zombie (D:8)
  3 scorpions
  5 wights
  3 howler monkeys
  6 hounds
  A centaur zombie (D:5)
  A quasit (D:8)
  8 orc priests
  A centaur skeleton (D:9)
  2 jellies
  3 iguanas (D:8)
  9 orc wizards
  6 worker ants
  A killer bee zombie (D:9)
  2 hound zombies
  A mummy (Ossuary)
  Robin (D:2)
  10 adders
  A gnoll (D:2)
  A howler monkey skeleton (D:5)
  A shadow imp (D:5)
  A white imp (D:2)
  An ufetubus (D:6)
  3 oozes
  2 adder skeletons
  3 worms
  3 dart slugs
  7 leopard geckos
  21 orcs
  3 spectral bats (Ossuary)
  7 bats
  5 giant cockroaches
  12 gnoll zombies (Ossuary)
  19 goblins
  5 hobgoblins
  18 jackals
  5 kobolds
  2 quokkas
  A ball python (D:3)
  7 frilled lizards
  2 goblin simulacra (Ossuary)
  4 goblin zombies (Ossuary)
  7 hobgoblin zombies (Ossuary)
  3 kobold simulacra (Ossuary)
  5 kobold zombies (Ossuary)
  2 orc zombies (Ossuary)
  A quokka skeleton (D:6)
  17 rats
  3 rat simulacra (Ossuary)
  4 spectral goblins (Ossuary)
  4 spectral kobolds (Ossuary)
283 creatures vanquished.

Vanquished Creatures (others)
  2 fungi (D:3)
  12 plants
14 creatures vanquished.

Grand Total: 297 creatures vanquished

Notes
Turn   | Place    | Note
-------+----------+-------------------------------------------
     0 | D:1      | tilp the Octopode Transmuter began the quest for the Orb.
     0 | D:1      | Reached XP level 1. HP: 13/13 MP: 3/3
    15 | D:1      | Reached skill level 1 in Stealth
   182 | D:1      | Reached XP level 2. HP: 12/18 MP: 3/5
   191 | D:1      | Learned a level 2 spell: Wereblood
   529 | D:1      | Reached XP level 3. HP: 21/23 MP: 6/6
   902 | D:2      | Noticed Robin
   922 | D:2      | Reached XP level 4. HP: 25/28 MP: 4/7
   932 | D:2      | Killed Robin
   937 | D:2      | Reached skill level 1 in Shields
   999 | D:2      | Noticed an ogre
  1117 | D:2      | Found a radiant altar of Vehumet.
  1315 | D:2      | Reached XP level 5. HP: 34/34 MP: 8/8
  1433 | D:2      | Found a shimmering blue altar of Sif Muna.
  1444 | D:2      | Found a bloodstained altar of Trog.
  1463 | D:2      | Identified Sif Muna's Tome of Creation
  1556 | D:2      | Noticed a moth of wrath
  1559 | D:2      | Found a bloodstained altar of Trog.
  1768 | D:3      | Found a transporter.
  1786 | D:3      | Reached skill level 4 in Unarmed Combat
  1811 | D:3      | Found a transporter.
  1811 | D:3      | Noticed Starless's ghost (amateur SpEn)
  1869 | D:3      | Noticed a phantom
  2070 | D:3      | Found a faded altar of an unknown god.
  2147 | D:3      | Reached XP level 6. HP: 37/42 MP: 5/9
  2296 | D:3      | Found a sacrificial altar of Ru.
  2412 | D:3      | Became a worshipper of Ru the Awakened
  2457 | D:4      | Noticed Eustachio
  2613 | D:4      | Reached skill level 5 in Unarmed Combat
  2618 | D:4      | Reached XP level 7. HP: 47/48 MP: 10/10
  2671 | D:4      | Found a staircase to the Ecumenical Temple.
  2765 | D:4      | Noticed Pikel
  2782 | D:4      | Killed Pikel
  2783 | D:4      | Reached skill level 6 in Unarmed Combat
  2783 | D:4      | Reached XP level 8. HP: 36/54 MP: 8/11
  3135 | D:4      | Found a runed translucent door.
  3136 | D:4      | Noticed Crazy Yiuf
  3475 | D:5      | Entered Level 5 of the Dungeon
  3540 | D:5      | Noticed Sigmund
  3556 | D:5      | Killed Sigmund
  3557 | D:5      | Reached skill level 5 in Fighting
  3726 | D:5      | Gained mutation: You are hated by all. [Ru sacrifice]
  3726 | D:5      | Reached * piety under Ru
  3866 | D:5      | Reached skill level 7 in Unarmed Combat
  3914 | D:5      | Found Sussorics's General Store.
  3919 | D:5      | Bought a potion of might for 40 gold pieces
  3919 | D:5      | Bought a wand of flame (5) for 35 gold pieces
  3919 | D:5      | Bought a scroll of identify for 20 gold pieces
  3919 | D:5      | Bought 7 poisoned darts for 28 gold pieces
  4076 | D:5      | Found a broken altar of Ashenzari.
  4421 | D:3      | Reached XP level 9. HP: 53/62 MP: 12/12
  4490 | D:4      | Killed Eustachio
  4665 | D:6      | Noticed Prince Ribbit
  4705 | D:5      | Reached skill level 5 in Dodging
  5293 | D:6      | Reached skill level 8 in Unarmed Combat
  5415 | D:6      | Noticed Grinder
  5427 | D:6      | Killed Grinder
  5465 | D:6      | Noticed Edmund
  5475 | D:6      | Killed Edmund
  5682 | D:7      | Learned a level 3 spell: Spider Form
  5744 | D:7      | Reached skill level 1 in Poison Magic
  5981 | D:7      | Found an opulent altar of Gozag.
  6027 | D:7      | Found a white marble altar of Elyvilon.
  6032 | D:7      | Noticed a hornet
  6074 | D:7      | Gained mutation: You are somewhat unskilled. (-1 Apt) [Ru
                  | sacrifice]
  6074 | D:7      | Reduced skill Fighting to level 5
  6074 | D:7      | Reduced skill Dodging to level 5
  6074 | D:7      | Reduced skill Unarmed Combat to level 7
  6074 | D:7      | Reached ** piety under Ru
  6074 | D:7      | Reached *** piety under Ru
  6287 | D:8      | Noticed Gastronok
  6296 | D:8      | Found a sand-covered staircase.
  6305 | Ossuary  | Entered an ossuary
  6868 | D:8      | Reached XP level 10. HP: 66/66 MP: 14/14
  6883 | D:8      | Noticed a two-headed ogre
  6899 | D:8      | Found a glowing golden altar of the Shining One.
  6942 | D:7      | Noticed a two-headed ogre
  7026 | D:8      | Found a white marble altar of Elyvilon.
  7027 | D:8      | Found a glowing silver altar of Zin.
  7385 | D:7      | Found a shadowy altar of Dithmenos.
  7408 | D:7      | Found a hazy altar of Hepliaklqana.
  7663 | D:8      | Reached skill level 5 in Transmutations
  7985 | D:8      | Learned a level 4 spell: Ice Form
  8010 | D:9      | Noticed a deep elf pyromancer
  8155 | D:9      | Found a shimmering altar of Xom.
  8162 | D:9      | Found a sparkling altar of Nemelex Xobeh.
  8199 | D:9      | Gained mutation: You are clumsy. (Dex -2) [Ru sacrifice]
  8271 | D:9      | Noticed a two-headed ogre
  8283 | D:9      | Killed a two-headed ogre
  8644 | D:9      | Noticed Maurice
  8861 | D:9      | Killed Maurice
  8862 | D:9      | Reached skill level 8 in Unarmed Combat
  8862 | D:9      | Reached skill level 1 in Ice Magic
  8893 | D:9      | Found a staircase to the Orcish Mines.
  8956 | D:9      | Reached XP level 11. HP: 59/72 MP: 17/17
  9019 | D:9      | Noticed Joseph
  9030 | D:9      | Killed Joseph
  9100 | D:9      | Noticed a two-headed ogre
  9205 | D:8      | Killed a two-headed ogre
  9221 | D:8      | Learned a level 5 spell: Blade Hands
  9316 | D:9      | Slain by a troll

Illustrated notes

Levels and vault maps discovered:
D:1:      saegor_arrival_simple_b, layout_rooms
D:2:      layout_rooms, nzn_overflow_gifts_of_might_and_magic,
          marbit_many_paths, serial_forest, infiniplex_forest_corner_1,
          infiniplex_forest_corner_1, infiniplex_forest_clump_diagonal,
          infiniplex_forest_lined_1, infiniplex_forest_straight_3,
          infiniplex_forest_clump_medium, chequers_serial_rivers_small_3,
          tgw_trog, uniq_robin
D:3:      layout_loops_cross, nicolae_ru_the_path_less_chosen,
          gammafunk_ghost_arena, chequers_ecumenical_altar_lobes
D:4:      layout_loops_cross, minmay_temple_entry_enclosed_plants,
          uniq_crazy_yiuf_cottage, uniq_pikel, uniq_eustachio
D:5:      layout_basic, lemuel_doored_altar, serial_shops,
          kennysheep_little_box, uniq_sigmund
D:6:      layout_basic, uniq_prince_ribbit1, uniq_edmund, uniq_grinder
D:7:      layout_cave_pools, grunt_gozag_statues,
          riverfiend_overflow_shadow_ancestor, elyvilon_altar_1
D:8:      layout_basic, good_gods_mini_temple, nicolae_ossuary_entry_ruins,
          hangedman_minor_gate_pass, uniq_gastronok
D:9:      layout_roguey, grunt_temple_overflow_open, orc_0_dummy, tgw_xom,
          uniq_joseph, uniq_maurice

Skill      XL: |  1  2  3  4  5  6  7  8  9 10 11 |
---------------+----------------------------------+-----
Stealth        | 2 3 4 3 4 |  4.0
Shields        | 1 2 3 4 3 4 |  4.0
Fighting       | 2 3 4 5 5 6 |  6.0
Unarmed Combat | 4 5 6 7 7 8 |  8.0
Dodging        | 3 4 5 6 |  6.0
Evocations     | 3 4 |  4.0
Poison Magic   | 2 |  2.0
Transmutations | 3 6 7 |  7.3
Spellcasting   | 3 4 |  4.0
Ice Magic      | 1 2 |  2.0

Action                   |  1- 3 |  4- 6 |  7- 9 | 10-12 || total
-------------------------+-------+-------+-------+-------++-------
Melee: Unarmed           |    76 |   164 |   383 |   268 ||   891
       Constrict         |    20 |    48 |    72 |    30 ||   170
       Tentacles         |    10 |    34 |    69 |    32 ||   145
       Kick              |     6 |    15 |    81 |    38 ||   140
       Punch             |       |     5 |    13 |    10 ||    28
Throw: Stone             |       |     1 |       |       ||     1
       Boomerang         |       |     4 |     8 |       ||    12
       Dart              |       |       |    16 |    21 ||    37
 Cast: Beastly Appendage |     6 |    12 |    37 |    17 ||    72
       Wereblood         |     3 |     5 |     8 |     7 ||    23
       Spider Form       |       |       |       |    14 ||    14
Invok: Sacrifice Love    |       |       |     1 |       ||     1
       Sacrifice Skill   |       |       |     1 |       ||     1
       Sacrifice Purity  |       |       |       |     1 ||     1
Evoke: Wand              |       |       |       |     6 ||     6
  Use: Scroll            |       |     6 |     6 |     3 ||    15
 Stab: Sleeping          |     3 |     9 |    23 |     8 ||    43
       Distracted        |       |       |       |     1 ||     1
       Invisible         |       |       |       |     1 ||     1
Armor: Skin              |    10 |     8 |     8 |     4 ||    30
Dodge: Dodged            |    42 |   113 |   223 |   169 ||   547
Block: Buckler           |       |    11 |    50 |    23 ||    84

Table legend: (Time is in decaauts)
 A = Elapsed time spent in this place.
 B = Non-inter-level travel time spent in this place.
 C = Inter-level travel time spent in this place.
 D = Time resting spent in this place.
 E = Time spent auto-exploring this place.
 F = Levels seen in this place.
 G = Mean time per level.
                   A        B        C        D        E       F      G
               +--------+--------+--------+--------+--------+-----+--------+
         Total |   9236 |   8520 |    716 |   1001 |   4679 |  10 |  923.6 |
       Dungeon |   8810 |   8094 |    716 |    993 |   4679 |   9 |  978.9 |
       Ossuary |    426 |    426 |      0 |      8 |      0 |   1 |  426.0 |
               +--------+--------+--------+--------+--------+-----+--------+

Top non-repeatable levels by time:
     D:8: 1303 daAuts
     D:9: 1163 daAuts
     D:4: 1140 daAuts
     D:2: 1044 daAuts
     D:3: 998 daAuts
     D:5: 880 daAuts
     D:6: 821 daAuts
     D:7: 774 daAuts
     D:1: 684 daAuts
 Ossuary: 426 daAuts
